 Dungeon Crawl Stone Soup version 0.29.1-15-g9cfb28693d (webtiles) character file.

Game seed: 2174914955592801088

707 H0rd4k the Insei (level 7, -2/49 HPs)
             Began as an Octopode Artificer on Mar 16, 2023.
             Slain by a hound (5 damage)
             ... on level 4 of the Dungeon.
             The game lasted 00:04:14 (4388 turns).

H0rd4k the Insei (Octopode Artificer)               Turns: 4388, Time: 00:04:15

Health: -2/49      AC:  1    Str: 11    XL:     7   Next: 67%
Magic:  12/12      EV: 13    Int: 16    God:
Gold:   80         SH:  0    Dex: 16    Spells: 12/12 levels left

rFire   . . .      SeeInvis .     - Unarmed
rCold   . . .      Faith    .   (no shield)
rNeg    . . .      Spirit   .   (helmet restricted)
rPois   +          Reflect  .   (no amulet)
rElec   .          Harm     .   i - ring of resist corrosion
rCorr   +          Rampage  .   b - ring "Gebuppog" {Wiz *Corrode rPois Will+ Dex+4}
Will    +....                   (no ring)
Stlth   +++.......              (no ring)
HPRegen 0.16/turn               (no ring)
MPRegen 0.13/turn               (no ring)
                                (no ring)
                                (no ring)

@: no status effects
A: almost no armour, amphibious, 8 rings, camouflage 1, gelatinous body 1,
(nimble swimmer 1), tentacles
a: no special abilities


You were on level 4 of the Dungeon.
You visited 1 branch of the dungeon, and saw 6 of its levels.

You collected 80 gold pieces.

Inventory:

Missiles
 d - 4 poisoned darts
Magical Staves
 f - a staff of cold
Jewellery
 b - the ring "Gebuppog" (right tentacle) {Wiz *Corrode rPois Will+ Dex+4}
   (You found it on level 5 of the Dungeon)

   [ring of wizardry]

   It improves your spell success rate.
   Dex:       It affects your dexterity (+4).
   rPois:     It protects you from poison.
   *Corrode:  It may corrode you when you take damage.
   Will:      It increases your willpower.
 i - a ring of resist corrosion (left tentacle)
Scrolls
 a - a scroll of enchant armour {unknown}
 e - 6 scrolls of identify {unknown}
 j - a scroll of poison {unknown}
Potions
 g - 2 potions of flight {unknown}
 h - 4 potions of attraction {unknown}
 k - a potion of heal wounds {unknown}
 l - a potion of lignification {unknown}
 m - a potion of mutation {unknown}
 n - a potion of cancellation {unknown}


   Skills:
 + Level 4.5 Fighting
 - Level 2.3 Dodging
 - Level 1.3 Stealth
 - Level 5.2 Unarmed Combat
 * Level 3.4 Spellcasting
 - Level 3.2 Evocations


You had 12 spell levels left.
You didn't know any spells.
Your spell library contained the following spells:

 Spells                   Type           Power      Damage    Failure   Level
 Slow                     Hex            8%         N/A       8%          1
 Confusing Touch          Hex            2%         N/A       21%         3
 Vampiric Draining        Necr           2%         2d6       21%         3
 Conjure Ball Lightning   Conj/Air       1%         3x3d6     100%        6
 Discord                  Hex            1%         N/A       100%        8
 Disjunction              Tloc           1%         N/A       100%        8


Dungeon Overview and Level Annotations

Branches:
Dungeon (6/15)
 Temple: D:4-7

Altars:
Cheibriados
Elyvilon
Vehumet

Shops:
D:3 =   D:4 *   D:6 [


Innate Abilities, Weirdness & Mutations

You cannot wear most types of armour.
You are amphibious.
You can wear up to eight rings at the same time.
Your skin changes colour to match your surroundings (Stealth+).
Your rubbery body absorbs attacks. (AC +1, EV +1)
((You are camouflaged when in or above water. (Stealth+)))
You have tentacles for arms and can constrict up to eight enemies at once.


Message History

Anything else - Cancel.
Guard this area!
The adder bites your ogre.
Your ogre closely misses the adder.
The hound bites your ogre. The adder bites your ogre.
Your ogre is poisoned.
The adder poisons your ogre! The hound bites your ogre.
Your ogre misses the adder. The adder bites your ogre.
The hound bites your ogre.
You bludgeon the quokka!
You kill the quokka!
The hound barely misses your ogre. The adder bites your ogre.
The hound bites your ogre.
Your ogre dies!
Okay, then.
Aiming: Charm
Press: ? - help, Shift-Dir - straight line, f - adder
Aim: an adder (chance to affect: 66%)
The adder is charmed.
The now-empty wand crumbles to dust.
The hound misses your adder.
Unknown command.
What are your orders? t - Shout!
Orders for allies: a - Attack new target. p - Attack previous target. r - Retreat! s - Stop attacking. g - Guard the area. f - Follow me.
Anything else - Cancel.
Guard this area!
Your adder closely misses the hound.
The hound bites your adder.
Your adder barely misses the hound.
Your adder bites the hound.
The hound attacks as you move away! The hound bites you.
* * * LOW HITPOINT WARNING * * *
The hound barely misses you. The hound attacks as you move away!
The hound bites you.
* * * LOW HITPOINT WARNING * * *
A dart slug comes into view.
Your adder bites the hound.
You bludgeon the hound! Your grab misses the hound.
The hound is almost dead.
The hound bites you.
You die...

## ### w.## # ### .....
..# . ....#... ...#
######.###.###.#.#
.#......#...#..#.#
.#.......^_....#@#
........#...#..#h#
.......###.###.#.#####.##
##......#...#...S........
#.)..........[##.####.#
#....)#...##........#.#
#.....#...##.......[#.#
###.###...##..........#
#.# #...##.....†....#


You could see a hound (ally target), a dart slug (asleep) and a friendly adder
(charmed).

Vanquished Creatures
  Menkaure (D:6)
  An ice beast (D:6)
  A black bear (D:6)
  A centaur (D:6)
  A jelly (D:5)
  2 iguanas
  7 adders
  3 worms
  2 dart slugs (D:1)
  2 orcs (D:6)
  3 ball pythons
  7 bats
  2 endoplasms
  A giant cockroach (D:2)
  6 goblins
  6 hobgoblins
  6 jackals
  4 quokkas
  4 frilled lizards
  7 kobolds
  4 rats
71 creatures vanquished.

Vanquished Creatures (collateral kills)
  2 orc priests (D:6)
  An orc wizard (D:6)
  A dart slug (D:2)
  4 orcs (D:6)
  An endoplasm (D:2)
9 creatures vanquished.

Vanquished Creatures (others)
  An orc warrior (D:6)
  An ogre (D:4)
  A hound (D:6)
  An endoplasm (D:1)
  A ball python (D:1)
  2 demonic plants (D:1)
7 creatures vanquished.

Grand Total: 87 creatures vanquished

Notes
Turn   | Place    | Note
-------+----------+-------------------------------------------
     0 | D:1      | H0rd4k the Octopode Artificer began the quest for the Orb.
     0 | D:1      | Reached XP level 1. HP: 13/13 MP: 1/1
     4 | D:1      | Noticed an electric eel
     5 | D:1      | Noticed an electric eel
   360 | D:1      | Reached XP level 2. HP: 6/18 MP: 1/3
   416 | D:2      | Reached skill level 1 in Spellcasting
   746 | D:2      | Reached XP level 3. HP: 11/24 MP: 3/5
   962 | D:2      | Reached skill level 1 in Unarmed Combat
  1566 | D:2      | Reached XP level 4. HP: 14/30 MP: 6/6
  1784 | D:2      | HP: 1/30 [adder (4)]
  2601 | D:1      | Found a faded altar of an unknown god.
  2606 | D:1      | Reached skill level 2 in Unarmed Combat
  3098 | D:2      | Reached XP level 5. HP: 30/36 MP: 8/8
  3301 | D:3      | Found Eneq's Jewellery Emporium.
  3304 | D:3      | You fall into a shaft and drop 3 floors!
  3323 | D:6      | Found a snail-covered altar of Cheibriados.
  3369 | D:6      | Noticed an orc warrior
  3421 | D:5      | Entered Level 5 of the Dungeon
  3830 | D:6      | Noticed Menkaure
  3832 | D:6      | Noticed a centaur
  3833 | D:6      | Killed Menkaure
  3834 | D:6      | Reached skill level 3 in Unarmed Combat
  3834 | D:6      | Reached XP level 6. HP: 42/42 MP: 9/9
  3868 | D:6      | Reached skill level 4 in Unarmed Combat
  3868 | D:6      | Noticed a black bear
  3873 | D:6      | Killed a black bear
  3874 | D:6      | Reached XP level 7. HP: 33/47 MP: 11/11
  3919 | D:6      | Found Fuzi's Antique Armour Boutique.
  3996 | D:6      | Reached skill level 5 in Unarmed Combat
  4231 | D:5      | Found a white marble altar of Elyvilon.
  4308 | D:5      | Identified the ring "Gebuppog" {Wiz *Corrode rPois Will+
                  | Dex+4}
  4358 | D:4      | Found a radiant altar of Vehumet.
  4369 | D:4      | Found Joyteuz's Assorted Antiques.
  4387 | D:4      | HP: 2/49 [hound (5)]
  4388 | D:4      | Slain by a hound

Illustrated notes

Levels and vault maps discovered:
D:1:      arrival_aquarium_b, layout_loops_ring, shapermc_ecumenical_altar_gd,
          kennysheep_flooded_box
D:2:      minmay_skewed_foursquare, layout_basic, chequers_jeans,
          kennysheep_generic_room_10
D:3:      layout_basic, serial_shops, nicolae_square_shop
D:4:      layout_basic, overflow_temple_1_default, vehumet_crystals,
          kennysheep_windowed_goal
D:5:      layout_basic, mainiacjoe_overflow_small_starburst, grunt_ministairs_11
D:6:      layout_basic, cheibrodos_worm_habitat, serial_shops,
          nicolae_stop_n_shop_2, nicolae_eternal_life,
          hellmonk_guarded_unrand_lears, uniq_menkaure

Skill      XL: |  1  2  3  4  5  6  7 |
---------------+----------------------+-----
Spellcasting   | 1 2 3 |  3.4
Fighting       | 2 3 4 |  4.5
Unarmed Combat | 1 2 3 4 5 |  5.2
Dodging        | |  2.3
Stealth        | |  1.3
Evocations     | |  3.2

Action                   |  1- 3 |  4- 6 |  7- 9 || total
-------------------------+-------+-------+-------++-------
Melee: Unarmed           |    69 |    87 |    20 ||   176
       Constrict         |    19 |    28 |     4 ||    51
       Tentacles         |    20 |    19 |     3 ||    42
       Punch             |     2 |       |     1 ||     3
Evoke: Wand              |     4 |    16 |    15 ||    35
  Use: Potion            |     1 |     1 |       ||     2
 Stab: Sleeping          |     6 |     7 |     4 ||    17
Armor: Skin              |     1 |     7 |       ||     8
Dodge: Dodged            |    44 |    44 |    10 ||    98
